AoeStats
← 勇闯天涯

Hideout

509702156Analyzed
1v1 RM · 4d ago on Sep 27, 2026· 58m 19s· 2 players
Game mode
Random Map
Map size
Tiny (2 player)
Population
200
Speed
Normal
Resources
Standard
Victory
Conquest
Starting age
Dark Age
Ending age
Imperial Age
RankedLock teamsTeams togetherTeam positionsShared explorationLock speedFull tech treeHidden civsTurbo modeCheats
Victory
Defeat
🇦🇷 Turks · Argentina
983
+15
🇨🇳 Goths · China
956
-15
勇闯天涯
4:55 Loom
10:58 Feudal Age
11:41 Double-Bit Axe
12:56 Man-at-Arms
16:08 Fletching
25:38 Castle Age
25:34 Stone Mining
25:37 Gold Mining
27:43 Stone Shaft Mining
27:21 Bow Saw
27:05 Horse Collar
28:54 Wheelbarrow
29:16 Heavy Plow
36:17 Imperial Age
34:35 Hand Cart
34:59 Squires
34:22 Long Swordsman
35:00 Town Watch
35:19 Scale Mail Armor
35:30 Forging
34:50 Elite Skirmisher
37:03 Crossbowman
37:42 Bodkin Arrow
38:03 Chain Mail Armor
37:50 Padded Archer Armor
38:12 Two-Handed Swordsman
39:31 Iron Casting
38:56 Bracer
39:27 Perfusion
39:49 Conscription
39:32 Anarchy
39:26 Champion
41:02 Crop Rotation
42:33 Chemistry
41:54 Ballistics
45:06 Blast Furnace
44:22 Leather Archer Armor
46:04 Masonry
49:25 Ring Archer Armor
49:24 Pikeman
49:50 Halberdier
Franklin
10:52 Feudal Age
11:48 Double-Bit Axe
15:18 Loom
17:55 Castle Age
30:39 Padded Archer Armor
31:52 Leather Archer Armor
35:55 Imperial Age
34:33 Wheelbarrow
35:51 Hand Cart
42:09 Forging
42:05 Scale Barding Armor
42:30 Ring Archer Armor
42:36 Ring Archer Armor
42:25 Town Watch
45:08 Bloodlines
44:59 Husbandry
47:03 Iron Casting
46:52 Ballistics
48:37 Horse Collar
50:37 Blast Furnace
49:58 Chain Barding Armor
Connection lost

Rejoining the realm…

Still unreachable

The connection could not be restored.

Session expired

The server has moved on; the page needs a fresh start.